 Dungeon Crawl Stone Soup version 0.30-a0-458-g86641cc369 (webtiles) character file.

Game seed: 10661664168030538529

45 zishaf the Sneak (level 3, -1/19 HPs)
             Began as a Vine Stalker Brigand on Dec 14, 2022.
             Succumbed to a goblin's poison
             ... on level 1 of the Dungeon.
             The game lasted 00:01:26 (1112 turns).

zishaf the Sneak (Vine Stalker Brigand)             Turns: 1112, Time: 00:01:27

Health: -1/19      AC:  4    Str: 13    XL:     3   Next: 64%
Magic:  5/13       EV: 11    Int: 11    God:
Gold:   74         SH:  0    Dex: 17    Spells: 2/2 levels left

rFire   . . .      SeeInvis .    a - +2 dagger
rCold   . . .      Faith    .    (no shield)
rNeg    . . .      Spirit   +    g - +0 leather armour
rPois   .          Reflect  .    (no helmet)
rElec   .          Harm     .    c - +0 cloak
rCorr   .          Rampage  .    (no gloves)
Will    .....                    (no boots)
Stlth   +++.......               (no amulet)
HPRegen 0.23/turn                h - ring of magical power
MPRegen 0.13/turn                (no ring)

@: lethally poisoned (-1 -> -21)
A: fangs 2, magic shield, antimagic bite, no potion heal 2
a: no special abilities


You were on level 1 of the Dungeon.
You visited 1 branch of the dungeon, and saw 2 of its levels.

You collected 74 gold pieces.

Inventory:

Hand Weapons
 a - a +2 dagger (weapon)
Missiles
 d - 9 poisoned darts (quivered)
 e - 3 curare-tipped darts
Armour
 b - a +0 robe
 c - a +0 cloak (worn)
 g - a +0 leather armour (worn)
Jewellery
 h - a ring of magical power (left hand)
Scrolls
 i - a scroll of poison {unknown}
 j - 2 scrolls of immolation {unknown}
 k - 2 scrolls of vulnerability {unknown}
 l - a scroll of identify {unknown}
 n - a scroll of enchant armour {unknown}
 o - a scroll of noise {unknown}
Potions
 f - a potion of lignification {unknown}
 m - a potion of flight {unknown}


   Skills:
 + Level 2.4 Fighting
 + Level 2.3 Short Blades
 - Level 2.0 Throwing
 - Level 1.0 Dodging
 + Level 5.4 Stealth


You had 2 spell levels left.
You didn't know any spells.
Your spell library was empty.

Dungeon Overview and Level Annotations

Branches:
Dungeon (2/15)

Altars:

Shops:
D:1 *?

Annotations:
D:2 Robin


Innate Abilities, Weirdness & Mutations

You have extremely sharp teeth.
When hurt, damage is shared between your health and your magic reserves.
Your bite disrupts and absorbs the magic of your enemies.
Potions cannot restore your health.


Message History

You see here a hobgoblin corpse.
The goblin attacks as you move away! The goblin hits you but does no damage.
You hit the goblin.
You kill the goblin!
You completely miss the goblin. You hit the goblin.
You kill the goblin!
You hit the goblin.
You kill the goblin!
Items here: ))) ††.
There is a stone staircase leading down, spattered with blood here.
You start resting.
HP restored.
You start resting.
Magic restored.
You climb downwards.
Level annotation: Robin The rat bites you but does no damage.
The goblin unwields a +0 club.
The goblin wields a +0 sling.
The goblin shoots a sling bullet.
The sling bullet hits you.
The goblin hits you with a +0 dagger of venom.
You are poisoned.
The goblin hits you with a +0 dagger of holy wrath.
Robin roars a battlecry!
The goblins go into a battle-frenzy!
The rat barely misses you. The goblin misses you.
The goblin hits you with a +0 dagger of venom.
You are more poisoned.
The goblin shoots a sling bullet.
The sling bullet hits you.
The goblin shoots a sling bullet.
The sling bullet hits you.
The hobgoblin shouts!
There is a stone staircase leading up, spattered with blood here.
* * * LOW HITPOINT WARNING * * *
You feel very sick. The rat closely misses you.
The goblin barely misses you. x2
The goblin shoots a sling bullet.
The sling bullet misses you.
The sling bullet barely misses the goblin.
The goblin shoots a sling bullet.
The sling bullet barely misses you.
You climb upwards.
You die...

#.# #.....#....#.# #.#
#.###.#.##.#.# #.#
#.###.#.#..#.#
#######.###.#.#.#.#.##.#
##.....).........#.#....# #####
#..#####.###.#.#.#.###### ....#
##.####...##.###.#...#.# ..<.#
#.#.##...r.#.###.##..#.# ....#
####.##g@g##...........# ....#
###.#.####)#########.....##
....###.##.## #.# ##.......#
....##...#.#####.# #.........
#.####.....##.†.+## #.........
#.# #...####.#...## #.........
#.####....# #......## ##.......#
#.#.......###.∩.#...## ##.....##
#....)....##.........####.....##


You could see 2 goblins and a rat.

Vanquished Creatures
  A gnoll (D:1)
  A worm (D:2)
  2 dart slugs (D:1)
  2 ball pythons (D:1)
  2 bats (D:1)
  2 endoplasms (D:1)
  4 goblins (D:1)
  2 hobgoblins (D:1)
  4 jackals (D:1)
  2 kobolds (D:1)
  A quokka (D:1)
  3 frilled lizards (D:1)
  A rat (D:1)
27 creatures vanquished.

Notes
Turn   | Place    | Note
-------+----------+-------------------------------------------
     0 | D:1      | zishaf the Vine Stalker Brigand began the quest for the
                  | Orb.
     0 | D:1      | Reached XP level 1. HP: 11/11 MP: 2/2
    92 | D:1      | Reached skill level 1 in Dodging
    92 | D:1      | Reached XP level 2. HP: 15/15 MP: 3/3
   250 | D:1      | Reached skill level 5 in Stealth
   351 | D:1      | Found Fel Fiko's Magic Scroll Boutique.
   547 | D:1      | Reached XP level 3. HP: 18/18 MP: 4/4
   867 | D:1      | Found Marag's General Store.
  1028 | D:2      | Noticed Robin
  1112 | D:1      | Succumbed to a goblin's poison

Illustrated notes

Levels and vault maps discovered:
D:1:      elethiomel_arrival_shortcut, layout_loops_corners, serial_shops,
          nicolae_shop_stone, nicolae_lakefront_shop, patterned_corridor
D:2:      layout_basic, grunt_ministairs_14, uniq_robin

Skill      XL: |  1  2 |
---------------+-------+-----
Dodging        | 1 |  1.0
Fighting       | 2 |  2.4
Short Blades   | 2 |  2.3
Throwing       | 2 |  2.0
Stealth        | 5 |  5.4

Action                   || total
-------------------------++-------
Melee: Dagger            ||    61
       Bite              ||     9
 Stab: Sleeping          ||     9
Armor: Leather armour    ||    28
Dodge: Dodged            ||    39

Table legend: (Time is in decaauts)
 A = Elapsed time spent in this place.
 B = Non-inter-level travel time spent in this place.
 C = Inter-level travel time spent in this place.
 D = Time resting spent in this place.
 E = Time spent auto-exploring this place.
 F = Levels seen in this place.
 G = Mean time per level.
                   A        B        C        D        E       F      G
               +--------+--------+--------+--------+--------+-----+--------+
         Total |   1105 |   1035 |     70 |     60 |    822 |   2 |  552.5 |
       Dungeon |   1105 |   1035 |     70 |     60 |    822 |   2 |  552.5 |
               +--------+--------+--------+--------+--------+-----+--------+

Top non-repeatable levels by time:
     D:1: 1096 daAuts
     D:2: 8 daAuts
